 Dungeon Crawl Stone Soup version 0.30-a0-722-g3e6e8c874d (webtiles) character file.

Game seed: 12195530286175373836

2008393 Monkooky the Phalangite (level 25, 157/157 HPs)
             Began as a Gargoyle Gladiator on Jan 27, 2023.
             Was a High Priest of Hepliaklqana.
             Escaped with the Orb
             ... and 3 runes on Jan 28, 2023!
             The game lasted 02:38:39 (46048 turns).

Monkooky the Phalangite (Gargoyle Gladiator)       Turns: 46048, Time: 02:38:40

Health: 157/157    AC: 66    Str: 42    XL:     25   Next: 49%
Magic:  27/27      EV: 12    Int: 10    God:    Hepliaklqana [*****.]
Gold:   2600       SH:  0    Dex: 11    Spells: 29/31 levels left

rFire   + + .      SeeInvis +    R - +7 bardiche (spect)
rCold   + + .      Faith    .    (shield currently unavailable)
rNeg    + . .      Spirit   +    s - +9 gold dragon scales
rPois   ∞          Reflect  .    l - +2 helmet of the Albatross {Str+4 Int+3 Dex-5}
rElec   +          Harm     .    T - +3 cloak of the Lute {rF+ Will+ Int-5}
rCorr   .          Rampage  .    p - +2 pair of gloves {hurl}
Will    ++...                    g - +1 pair of boots of Iqaev {Dex+2} Stlth
                                 G - amulet "Poibegrango" {Spirit Dex+4}
HPRegen 0.46/turn                c - +6 ring of strength
MPRegen 0.20/turn                S - ring of the Heavens {Fly rC+ Int+2 Slay+5 Stlth+}

@: flying
A: reduced essence, sickness immunity, AC +19, big wings, negative energy
resistance 1, electricity resistance, torment resistance 1, petrification
resistance, see invisible, low MP 1, sense surroundings 1, strong 1
0: Orb of Zot
}: 3/15 runes: serpentine, barnacled, slimy
a: Renounce Religion, Recall Ancestor, Ancestor Identity, Transference, Idealise


You escaped.
You worshipped Hepliaklqana.
Hepliaklqana was extremely pleased with you.
You visited 10 branches of the dungeon, and saw 48 of its levels.
You also visited: Sewer, Volcano and Wizlab.

You collected 6022 gold pieces.
You spent 3422 gold pieces at shops.

Inventory:

Hand Weapons
 R - a +7 spectral bardiche (weapon)
Missiles
 e - 2 javelins (quivered)
 j - 7 curare-tipped darts
 U - 2 throwing nets
 X - 15 silver javelins
Armour
 g - the +1 pair of boots of Iqaev (worn) {Dex+2}
   (You bought it in a shop on level 2 of the Orcish Mines)

   Dex:       It affects your dexterity (+2).
 l - the +2 helmet of the Albatross (worn) {Str+4 Int+3 Dex-5}
   (You acquired it on level 2 of the Depths)

   Str:       It affects your strength (+4).
   Int:       It affects your intelligence (+3).
   Dex:       It affects your dexterity (-5).
 p - a +2 pair of gloves of hurling (worn)
 s - +9 gold dragon scales (worn)
 T - the +3 cloak of the Lute (worn) {rF+ Will+ Int-5}
   (You acquired it on level 8 of the Dungeon)

   Int:       It affects your intelligence (-5).
   rF:        It protects you from fire.
   Will:      It increases your willpower.
Jewellery
 c - a +6 ring of strength (left hand)
 d - a +6 ring of dexterity
 D - the ring "Udolar" {rPois rC- rN+ EV+5 Dex+3}
   (You found it on level 3 of the Shoals)

   [ring of evasion]

   EV:        It affects your evasion (+5).
   Dex:       It affects your dexterity (+3).
   rC:        It makes you vulnerable to cold.
   rPois:     It protects you from poison.
   rN:        It protects you from negative energy.
 G - the amulet "Poibegrango" (around neck) {Spirit Dex+4}
   (You acquired it on level 5 of the Pits of Slime)

   [amulet of guardian spirit]

   It causes incoming damage to be divided between your reserves of health and
   magic.
   Dex:       It affects your dexterity (+4).
 S - the ring of the Heavens (right hand) {Fly rC+ Int+2 Slay+5 Stlth+}
   (You found it on level 1 of the Snake Pit)

   [ring of flight]

   Int:       It affects your intelligence (+2).
   Slay:      It affects your accuracy & damage with ranged weapons and melee
   (+5).
   rC:        It protects you from cold.
   Fly:       It grants you flight.
   Stlth:     It makes you more stealthy.
 Z - the ring of Salvation {rPois rF+ rCorr MP+9 Dex+3}
   (You found it on level 2 of the Depths)

   [ring of magical power]

   Dex:       It affects your dexterity (+3).
   rF:        It protects you from fire.
   rPois:     It protects you from poison.
   MP:        It affects your magic capacity (+9).
   rCorr:     It protects you from acid and corrosion.
Wands
 a - a wand of charming (37)
 b - a wand of acid (21)
 n - a wand of flame (96)
 J - a wand of mindburst (17)
 P - a wand of digging (8)
 Q - a wand of roots (32)
Scrolls
 h - 17 scrolls of teleportation
 i - a scroll of magic mapping
 m - 5 scrolls of fog
 q - 8 scrolls of fear
 x - a scroll of brand weapon
 y - 4 scrolls of poison
 A - 11 scrolls of vulnerability
 E - a scroll of silence
 H - 5 scrolls of amnesia
 I - 8 scrolls of blinking
 K - 5 scrolls of summoning
 M - 8 scrolls of immolation
Potions
 k - 5 potions of mutation
 r - 9 potions of attraction
 t - a potion of might
 u - 5 potions of cancellation
 v - 7 potions of heal wounds
 w - 21 potions of curing
 z - 2 potions of haste
 C - 6 potions of resistance
 F - 3 potions of magic
 L - 7 potions of invisibility
 N - 7 potions of lignification
 O - 2 potions of ambrosia
 V - 8 potions of brilliance
 W - 2 potions of berserk rage
Miscellaneous
 f - a box of beasts
 o - a condenser vane
 B - a phial of floods
 Y - a phantom mirror


   Skills:
 * Level 22.6 Fighting
 - Level 23.9(24.0) Polearms
 - Level 3.0(17.4) Staves
 - Level 6.0 Throwing
 * Level 19.4 Armour
 + Level 10.7 Dodging
 - Level 3.6 Spellcasting
 - Level 4.2 Transmutations
 - Level 9.0 Earth Magic
 - Level 10.0 Invocations
 - Level 16.0 Evocations


You had 29 spell levels left.
You knew the following spells:

 Your Spells              Type           Power      Damage    Failure   Level
a - Passwall              Tmut/Erth      12%        N/A       14%         2

Your spell library contained the following spells:

 Spells                   Type           Power      Damage    Failure   Level
 Beastly Appendage        Tmut           20%        N/A       26%         1
 Wereblood                Tmut           10%        N/A       36%         2
 Sting                    Tmut/Pois      24%        1d4       52%         1
 Petrify                  Tmut/Erth      15%        N/A       67%         4
 Lee's Rapid Deconstruct  Erth           9%         3d7*      69%         5
 Apportation              Tloc           2%         N/A       83%         1
 Magic Dart               Conj           4%         1d3       83%         1
 Necrotise                Necr           4%         1d4       83%         1
 Summon Small Mammal      Summ           4%         N/A       83%         1
 Spider Form              Tmut/Pois      6%         N/A       88%         3
 Call Imp                 Summ           1%         N/A       92%         2
 Ensorcelled Hibernation  Hex/Ice        2%         N/A       92%         2
 Lesser Beckoning         Tloc           2%         N/A       92%         2
 Poisonous Vapours        Pois/Air       2%         N/A       92%         2
 Animate Armour           Summ/Erth      20%        N/A       92%         4
 Leda's Liquefaction      Hex/Erth       5%         N/A       92%         4
 Ignite Poison            Fire/Tmut/Pois 4%         N/A       94%         3
 Dazzling Flash           Conj/Hex       2%         N/A       99%         3
 Frozen Ramparts          Ice            2%         1d1       99%         3
 Gell's Gravitas          Tloc           1%         N/A       99%         3
 Hailstorm                Conj/Ice       1%         3d3       99%         3
 Kindle Blastsparks       Fire/Tloc/Air  2%         2d10      99%         3
 Mephitic Cloud           Conj/Pois/Air  1%         N/A       99%         3
 Ozocubu's Armour         Ice            1%         N/A       99%         3
 Portal Projectile        Hex/Tloc       2%         N/A       99%         3
 Summon Guardian Golem    Hex/Summ       1%         N/A       99%         3
 Teleport Other           Tloc           1%         N/A       99%         3
 Vampiric Draining        Necr           1%         2d6       99%         3
 Ice Form                 Ice/Tmut       6%         N/A       99%         4
 Anguish                  Hex/Necr       0%         N/A       100%        4
 Flame Wave               Conj/Fire      1%         2d4       100%        4
 Fulminant Prism          Conj/Hex       0%         3d5       100%        4
 Iskenderun's Mystic Bla  Conj/Tloc      1%         2d3       100%        4
 Olgreb's Toxic Radiance  Pois           1%         N/A       100%        4
 Summon Ice Beast         Ice/Summ       1%         N/A       100%        4
 Agony                    Necr           1%         N/A       100%        5
 Alistair's Intoxication  Tmut/Pois      4%         N/A       100%        5
 Blade Hands              Tmut           5%         N/A       100%        5
 Freezing Cloud           Conj/Ice/Air   0%         6-21      100%        5
 Irradiate                Conj/Tmut      3%         3d12      100%        5
 Iskenderun's Battlesphe  Conj           1%         2d6       100%        5
 Summon Forest            Summ/Tloc      0%         N/A       100%        5
 Summon Mana Viper        Hex/Summ       1%         N/A       100%        5
 Iron Shot                Conj/Erth      5%         9d2       100%        6
 Simulacrum               Ice/Necr       0%         N/A       100%        6
 Starburst                Conj/Fire      0%         6d3       100%        6
 Summon Cactus Giant      Summ           0%         N/A       100%        6
 Dragon Form              Tmut           5%         N/A       100%        7
 Malign Gateway           Summ/Tloc      0%         N/A       100%        7
 Monstrous Menagerie      Summ           0%         N/A       100%        7
 Orb of Destruction       Conj           0%         9d5       100%        7
 Ozocubu's Refrigeration  Ice            0%         4d7       100%        7
 Spellforged Servitor     Conj/Summ      0%         N/A       100%        7
 Storm Form               Tmut/Air       3%         N/A       100%        7
 Summon Hydra             Summ           0%         N/A       100%        7
 Necromutation            Tmut/Necr      3%         N/A       100%        8
 Summon Horrible Things   Summ           0%         N/A       100%        8
 Shatter                  Erth           9%         3d11*     100%        9
 Sublimation of Blood     Necr           Unusable   N/A       N/A         2
 Statue Form              Tmut/Erth      Unusable   N/A       N/A         6

Dungeon Overview and Level Annotations

Branches:
Dungeon (15/15)            Temple (0/1) D:4            Lair (5/5) D:10
 Shoals (4/4) Lair:2        Snake (4/4) Lair:2        Slime (5/5) Lair:5
    Orc (2/2) D:11            Elf (2/3) Orc:2        Vaults (2/5) D:13
 Depths (4/4) D:15            Zot (5/5) Depths:4      Sewer (visited)
Volcano (visited)          WizLab (visited)
  Crypt: Vaults:2-3

Altars:
Ashenzari
Dithmenos
Elyvilon
Fedhas
Gozag
Hepliaklqana
Kikubaaqudgha
Makhleb
Nemelex Xobeh
Qazlal
Ru
Sif Muna
Trog
Vehumet
Xom
Yredelemnul
The Shining One
Jiyva

Shops:
Orc:2 ?([[   Shoals:3 *   Snake:2 ::=   Snake:3 =((=   Vaults:2 :

Portals:
Hell: Depths:1 Depths:2 Depths:3 Depths:4
Abyss: Depths:3
Pandemonium: Depths:2
Ziggurat: Depths:4

Annotations:
D:11 3 runed translucent doors, baller8008's ghost, journeyman MiFi
Snake:3 exclusion: downstairs
Depths:1 3 runed translucent doors, yumyumyeen's ghost, journeyman MiGl


Innate Abilities, Weirdness & Mutations

Your life essence is reduced to manifest your ancestor. (-10% HP)
You are immune to sickness and miasma.
Your stone body is resilient. (AC +19)
You are immune to poison.
Your large and strong wings let you fly.
You resist negative energy. (rN+)
You are resistant to electric shocks. (rElec)
You are resistant to unholy torment.
You are immune to petrification.
You have supernaturally acute eyesight. (SInv)
Your magical capacity is low. (-10% MP)
You passively map a small area around you.
Your muscles are strong. (Str +4, Int/Dex -1)


Message History

Magic restored.
A Tzitzimitl comes into view.
You cut the Tzitzimitl into ribbons!!!
The Tzitzimitl is heavily wounded.
Your +7 spectral bardiche hits the Tzitzimitl!
Rabi gestures wildly while chanting.
Rabi seems to speed up.
You slice the Tzitzimitl!!
The Tzitzimitl is almost dead.
Your +7 spectral bardiche hits the Tzitzimitl!!
You kill the Tzitzimitl!
(D) Dungeon (T) Temple (L) Lair (A) Shoals (P) Snake Pit (M) Slime Pits (O) Orcish Mines (E) Elven Halls (V) Vaults (U) Depths (H) Hell (Z) Zot
Where to? (Enter - D:1, ? - help)
There is a stone staircase leading up here.
You fly upwards.
There is a stone staircase leading down here.
There is a stone staircase leading up here.
You fly upwards.
There is a stone staircase leading down here.
You swap places.
Rabi is no longer moving quickly.
There is a stone staircase leading up here.
You fly upwards.
There is a stone staircase leading down here.
There is a stone staircase leading up here.
You fly upwards.
There is a stone staircase leading down here.
You swap places.
Aiming: Dig
Press: ? - help, Shift-Dir - straight line You can't see that place. [a rock wall.]
The rock shatters into small pieces.
A soul eater comes into view.
A soul eater opens the door.
There is a staircase leading out of the dungeon here.
Rabi hits the soul eater with a +0 broad axe of speed!
You have escaped!

.#
#.........#.#.........#.#
.#
#.........'.'.........#.#
.#
#.........#.#.........#.#
.#
##.......##.##.......##.#
.#
###....###'####...###..#
.# #'#####...#####3##..##
.# ##.###.......###.##.##
## #...#.........#...#.##
# #...+....@.3..'...#..##
#
#...#........R#...##..##
##.###.......#....###..#
#.#####...#####..####.#
#..#####+#####..#..#..###
##.............####..###.
############### ##..##(
#..........######....
#...............####>


You could see the friendly Rabi the knight (reflecting) and a soul eater (ally
target).

Vanquished Creatures
  2 dread liches (Zot:5)
  3 orbs of fire (Zot:5)
  3 ancient liches (Zot:5)
  3 Killer Klowns (Zot:5)
  Vashnia (Snake:4)
  Margery (Depths:3)
  Saint Roka (Depths:3)
  A curse toe (Zot:2)
  Nikola (Snake:1)
  A bone dragon (Depths:4)
  4 golden dragons
  A profane servitor (D:7)
  A Tzitzimitl (D:5)
  3 electric golems (Zot:5)
  12 tentacled monstrosities
  4 liches
  Mlioglotl (Snake:3)
  21 Orb Guardians
  2 titans
  6 acid blobs (Slime:5)
  A walking frostbound tome (WizLab)
  A kraken (Shoals:3)
  An Executioner (D:6)
  2 sphinxes
  8 death cobs
  Gastronok (D:8)
  Kirke (Lair:4)
  11 rockslimes
  10 storm dragons
  A strange machine (WizLab)
  A tengu reaver (Depths:3)
  Donald (Snake:4)
  Roxanne (Shoals:4)
  3 shadow dragons
  9 azure jellies
  5 nagarajas
  2 draconian monks
  A deep elf sorcerer (Elf:1)
  Louise (Snake:4)
  3 fire giants
  Aizul (Shoals:2)
  A vault warden (Vaults:1)
  6 draconian scorchers
  3 frost giants
  3 draconian shifters
  An orc warlord (Orc:2)
  A caustic shrike zombie (Depths:3)
  11 stone giants
  A war gargoyle (Vaults:1)
  6 draconian stormcallers (Zot:2)
  4 spriggan defenders
  A juggernaut skeleton (Depths:3)
  16 very ugly things
  4 ironbound preservers (Vaults:1)
  8 quicksilver oozes
  A reaper (D:15)
  6 draconian annihilators
  3 eleionomae (Depths:2)
  A deep elf demonologist (Elf:2)
  5 green draconians
  6 black draconians
  A vampire knight (Depths:3)
  5 yellow draconians
  6 red draconians
  8 white draconians
  7 spark wasps
  6 purple draconians
  7 fire dragons
  5 merfolk javelineers
  A yaktaur captain (Vaults:1)
  A blizzard demon (Zot:5)
  12 ettins
  8 merfolk impalers
  Josephine (D:13)
  12 rakshasas
  Erolcha (D:11)
  7 vault guards (D:13)
  6 great orbs of eyes
  9 ice dragons
  2 spriggan air magi
  A caustic shrike simulacrum (Depths:3)
  A hell beast (D:6)
  A catoblepas (D:14)
  6 hydras
  13 anacondas
  An ogre mage (D:15)
  4 centaur warriors
  An alligator snapping turtle (Shoals:3)
  4 merfolk aquamancers
  7 naga warriors
  9 two-headed ogres
  Erica (D:8)
  5 ironbound frosthearts
  24 dancing weapons
  4 deep troll earth magi
  5 boulder beetles
  3 deep troll shamans
  4 satyrs
  5 tengu warriors
  2 vampire magi (Depths:4)
  4 spriggan berserkers
  An orc high priest (Orc:2)
  Sonja (D:11)
  5 shock serpents
  3 hell knights
  8 naga sharpshooters
  A soul eater (Depths:2)
  4 salamander mystics
  7 iron trolls
  Amaemon (Lair:1)
  25 sea snakes
  7 deep elf knights
  A sixfirhy (Zot:4)
  A storm dragon skeleton (Depths:2)
  A skeletal warrior (D:14)
  Nergalle (D:11)
  26 deep trolls
  An orb spider (shapeshifter) (Depths:1)
  2 phantasmal warriors (Depths:3)
  6 lindwurms
  3 deep elf archers
  An ironbound convoker (Vaults:1)
  15 harpies
  3 glowing orange brains
  25 deep elf pyromancers
  11 deep elf zephyrmancers
  5 naga ritualists
  6 mana vipers
  3 wizards
  6 necromancers
  8 orc knights
  4 fauns
  26 ugly things
  6 shining eyes
  15 manticores
  15 salamanders
  15 cyclopes
  A salamander (shapeshifter) (D:14)
  6 orc sorcerers (Orc:2)
  5 moths of wrath
  2 centaur zombies (D:11)
  3 vault sentinels (Vaults:1)
  8 merfolk sirens
  A stone giant skeleton (Depths:2)
  9 elephants
  Maurice (Orc:1)
  22 black mambas
  8 naga magi
  4 guardian serpents
  3 eyes of devastation
  An orange demon (Lair:1)
  9 water nymphs
  A smoke demon (Depths:4)
  5 molten gargoyles (Volcano)
  7 cane toads
  4 yaktaurs (Vaults:1)
  5 rime drakes
  An unseen horror (D:10)
  2 gargoyles
  A komodo dragon (shapeshifter) (Depths:3)
  Psyche (D:8)
  4 kobold demonologists
  7 tengu conjurers
  4 komodo dragons
  A tormentor (Zot:5)
  A freezing wraith (D:15)
  A spriggan skeleton (Depths:2)
  21 merfolk
  6 polar bears
  2 wind drakes (Shoals:4)
  4 meliai
  A polar bear (shapeshifter) (Elf:2)
  7 trolls
  9 hornets
  A tengu simulacrum (Depths:2)
  A raiju (shapeshifter) (D:15)
  3 blink frogs (Lair:5)
  7 saltlings (Orc:2)
  A blink frog (shapeshifter) (D:10)
  A snapping turtle (shapeshifter) (Depths:3)
  6 snapping turtles
  11 dream sheep
  Sigmund (D:6)
  36 slime creatures
  17 spriggans
  4 wraiths
  3 wyverns
  11 water elementals
  A vampire (D:11)
  3 basilisks
  34 yaks
  Grum (D:10)
  6 fire elementals
  5 hogs (Lair:4)
  7 vampire mosquitoes
  Menkaure (D:7)
  6 redbacks (Depths:1)
  A warg (D:11)
  40 nagas
  11 water moccasins
  A floating eye (Depths:2)
  Duvessa (D:7)
  13 orc warriors
  4 sky beasts (Depths:1)
  2 black bears (Lair:5)
  An ice beast (D:6)
  7 boggarts
  32 wolves
  4 centaurs
  14 ogres
  3 kobold brigands
  6 bullfrogs
  2 scorpions
  An earth elemental (Elf:2)
  2 gnoll sergeants (D:11)
  A wight (D:6)
  Dowan (D:7)
  7 killer bees
  3 electric eels
  6 howler monkeys
  4 hounds
  9 orc priests
  A gnoll bouda (D:6)
  7 jellies
  20 orc wizards
  Natasha (twice) (D:3)
  3 iguanas
  8 hell rats
  Robin (D:3)
  7 gnolls
  4 river rats (Sewer)
  9 adders
  2 shadow imps
  A white imp (D:5)
  3 dart slugs
  4 worms
  47 orcs
  6 endoplasms
  2 giant cockroaches
  14 goblins
  12 hobgoblins
  6 jackals (D:1)
  16 kobolds
  7 quokkas
  11 ball pythons
  6 bats
  6 frilled lizards
  12 rats
  A tentacle (Shoals:3)
1443 creatures vanquished.

Vanquished Creatures (collateral kills)
  the Royal Jelly (Slime:5)
  An ancient lich (Zot:5)
  the Enchantress (Depths:2)
  2 golden dragons
  5 Orb Guardians (Zot:5)
  3 tentacled monstrosities
  A deep elf blademaster (Elf:2)
  A lich (Depths:3)
  2 acid blobs (Slime:5)
  Frances (Snake:1)
  Agnes (Snake:2)
  2 shadow dragons
  A strange machine (WizLab)
  A nagaraja (Snake:4)
  4 rockslimes
  A fire giant (Depths:2)
  A draconian knight (Zot:5)
  A vault warden (Vaults:1)
  A draconian shifter (Zot:4)
  An ironbound preserver (Vaults:1)
  A frost giant (Depths:4)
  2 draconian scorchers (Zot:2)
  A spriggan defender (Depths:2)
  2 quicksilver oozes
  10 very ugly things
  2 stone giants
  3 black draconians
  A red draconian (Zot:5)
  Azrael (D:12)
  The ghost of Valamore the Severer, a journeyman MiFi of Okawaru (Lair:3)
  A white draconian (Zot:2)
  A purple draconian (Zot:2)
  An ettin (Depths:2)
  3 merfolk impalers
  2 yaktaur captains
  A vault guard (D:13)
  Fannar (Orc:1)
  2 great orbs of eyes
  4 rakshasas
  4 ice dragons
  3 hydras
  A spriggan air mage (Depths:2)
  A death knight (D:15)
  8 dancing weapons
  2 satyrs
  A merfolk avatar (Shoals:4)
  A centaur warrior (D:12)
  7 anacondas
  5 two-headed ogres
  5 tengu warriors
  A deep troll shaman (Depths:1)
  5 naga warriors
  3 hell knights
  2 deep elf knights (Elf:2)
  3 naga sharpshooters (Snake:4)
  A shock serpent (Snake:4)
  A spriggan berserker (Depths:2)
  2 salamander mystics (Snake:4)
  2 skeletal warriors (D:14)
  2 sea snakes
  Lodul (D:13)
  7 deep trolls
  A glowing orange brain (Depths:1)
  2 wizards (D:14)
  2 naga ritualists (Snake:4)
  4 deep elf zephyrmancers
  An orc sorcerer (Depths:3)
  3 deep elf pyromancers
  3 mana vipers
  10 ugly things
  2 salamanders (Snake:4)
  3 necromancers
  A shining eye (Slime:5)
  2 fauns
  2 orc knights (Orc:2)
  7 cyclopes
  7 manticores
  3 moths of wrath
  5 naga magi
  An elephant (Lair:1)
  2 guardian serpents (Snake:4)
  A merfolk siren (Shoals:4)
  A vault sentinel (Vaults:1)
  3 black mambas
  4 cane toads
  3 water nymphs
  A gargoyle (Volcano)
  A komodo dragon (Lair:5)
  A kobold demonologist (D:11)
  4 tengu conjurers
  An ice devil (Zot:5)
  A yaktaur (D:15)
  2 trolls
  3 merfolk
  2 meliai (D:15)
  2 hornets (Depths:2)
  A polar bear (Lair:5)
  A saltling (Orc:2)
  A tyrant leech (Lair:2)
  A blink frog (Lair:5)
  2 snapping turtles (Shoals:4)
  7 dream sheep
  A snapping turtle (shapeshifter) (Depths:3)
  A wind drake (Shoals:3)
  25 slime creatures
  3 water elementals
  3 spriggans
  A hog (Lair:4)
  3 wyverns
  2 basilisks
  2 wraiths (D:13)
  10 yaks
  3 fire elementals
  A redback (Depths:1)
  8 vampire mosquitoes
  2 wargs
  A glowing shapeshifter zombie (Depths:2)
  9 nagas
  3 water moccasins
  3 orc warriors
  2 sky beasts
  2 black bears
  9 wolves
  3 boggarts
  6 ogres
  3 centaurs
  5 kobold brigands
  6 bullfrogs
  2 gnoll sergeants (D:11)
  A necrophage (D:8)
  A scorpion (D:6)
  2 killer bees
  3 howler monkeys
  An electric eel (D:10)
  4 hounds (D:10)
  2 orc priests
  A jelly (Lair:5)
  2 iguanas (D:5)
  3 hell rats
  17 orc wizards
  6 gnolls
  6 adders
  4 river rats
  A white imp (D:6)
  A dart slug (D:5)
  25 orcs
  3 ball pythons (Sewer)
  An endoplasm (Sewer)
  5 kobolds
  A frilled lizard (Sewer)
  17 rats
  A pillar of salt (Orc:2)
471 creatures vanquished.

Vanquished Creatures (others)
  A vampire knight (Depths:4)
  A yaktaur captain (Vaults:2)
  2 centaur warriors (D:14)
  A deep elf knight (Elf:2)
  A tengu skeleton (Depths:3)
  2 spriggans (D:14)
  An orc warrior (Depths:3)
  27 knights
  25 fungi
  69 plants
  7 tentacles (Shoals:3)
137 creatures vanquished.

Grand Total: 2051 creatures vanquished

Notes
Turn   | Place    | Note
-------+----------+-------------------------------------------
     0 | D:1      | Monkooky the Gargoyle Gladiator began the quest for the
                  | Orb.
     0 | D:1      | Reached XP level 1. HP: 12/12 MP: 1/1
   118 | D:1      | Reached XP level 2. HP: 14/18 MP: 2/2
   378 | D:1      | Reached XP level 3. HP: 17/24 MP: 3/3
   853 | D:2      | Found a hazy altar of Hepliaklqana.
   863 | D:2      | Became a worshipper of Hepliaklqana the Forgotten
   876 | D:2      | Reached XP level 4. HP: 21/30 MP: 4/4
   916 | D:2      | Identified the +5 short sword "Qebem" {speed, rPois Will+
                  | Int+2 Dex-3}
  1084 | D:2      | Found a faded altar of an unknown god.
  1269 | D:2      | Reached skill level 5 in Fighting
  1688 | D:3      | Identified the +0 helmet of Minor Irritation {Str+3 SInv}
  1688 | D:3      | Noticed Robin
  1722 | D:3      | Killed Robin
  1723 | D:3      | Reached XP level 5. HP: 4/36 MP: 5/5
  2052 | D:3      | Noticed Natasha
  2058 | D:3      | Killed Natasha
  2149 | D:3      | Identified the +7 long sword of Xuvoggerr {flame, rPois
                  | Int+3}
  2184 | D:3      | Noticed Natasha
  2191 | D:3      | Killed Natasha
  2192 | D:3      | Reached skill level 1 in Armour
  2192 | D:3      | Reached XP level 6. HP: 41/42 MP: 6/6
  2385 | D:3      | Reached * piety under Hepliaklqana
  2532 | D:4      | Found a staircase to the Ecumenical Temple.
  2651 | D:4      | Found a glowing golden altar of the Shining One.
  3332 | D:4      | Reached XP level 7. HP: 43/43 MP: 7/7
  3617 | D:4      | Reached ** piety under Hepliaklqana
  3618 | D:4      | Remembered your ancestor Rabi as a knight
  3620 | D:4      | Found an opulent altar of Gozag.
  3623 | D:4      | Found a shimmering altar of Xom.
  3626 | D:4      | Found a stormy altar of Qazlal.
  3640 | D:4      | Found a basalt altar of Yredelemnul.
  3801 | D:5      | Entered Level 5 of the Dungeon
  4334 | D:5      | Found a sparkling altar of Nemelex Xobeh.
  4775 | D:6      | Noticed a wyvern
  4777 | D:6      | Noticed Sigmund
  4778 | D:6      | Reached skill level 1 in Polearms
  4778 | D:6      | Reached XP level 8. HP: 50/50 MP: 8/8
  4781 | D:6      | Killed a wyvern
  4782 | D:6      | Reached skill level 2 in Polearms
  4786 | D:6      | Killed Sigmund
  4787 | D:6      | Reached skill level 3 in Polearms
  4841 | D:6      | Reached skill level 4 in Polearms
  4864 | D:6      | Reached skill level 5 in Polearms
  4902 | D:6      | Reached skill level 6 in Polearms
  5053 | D:6      | Reached XP level 9. HP: 54/54 MP: 9/9
  5155 | D:6      | Reached skill level 7 in Polearms
  5181 | D:6      | Found a glowing drain.
  5186 | Sewer    | Entered a sewer
  5439 | D:6      | Reached *** piety under Hepliaklqana
  5615 | D:6      | Reached skill level 1 in Invocations
  5671 | D:6      | Found a shimmering altar of Xom.
  6140 | D:7      | Reached skill level 8 in Polearms
  6228 | D:7      | Noticed Menkaure
  6231 | D:7      | Killed Menkaure
  6323 | D:7      | Reached skill level 9 in Polearms
  6407 | D:7      | Found a shimmering blue altar of Sif Muna.
  6407 | D:7      | Noticed Dowan
  6411 | D:7      | Killed Dowan
  6424 | D:7      | Noticed Duvessa
  6432 | D:7      | Killed Duvessa
  6515 | D:7      | Found a bloodstained altar of Trog.
  6540 | D:7      | Reached XP level 10. HP: 59/59 MP: 11/11
  6600 | D:7      | Reached skill level 10 in Polearms
  6652 | D:7      | Found a radiant altar of Vehumet.
  6991 | D:7      | Found a burning altar of Makhleb.
  7018 | D:8      | Noticed Erica
  7029 | D:8      | Killed Erica
  7066 | D:8      | Noticed a two-headed ogre
  7075 | D:8      | Killed a two-headed ogre
  7076 | D:8      | Reached skill level 11 in Polearms
  7084 | D:8      | Identified the +5 scimitar of Hubris {pain, rElec rC- Will+
                  | Str+4}
  7102 | D:8      | Identified 2 scrolls of acquirement
  7103 | D:8      | Acquired the +3 cloak of the Lute {rF+ Will+ Int-5}
  7194 | D:8      | Noticed Psyche
  7200 | D:8      | Killed Psyche
  7259 | D:8      | Noticed Gastronok
  7276 | D:8      | Killed Gastronok
  7277 | D:8      | Reached skill level 12 in Polearms
  7408 | D:8      | Reached XP level 11. HP: 36/63 MP: 12/12
  7704 | D:9      | Reached **** piety under Hepliaklqana
  7739 | D:9      | Noticed a two-headed ogre
  7748 | D:9      | Killed a two-headed ogre
  7761 | D:9      | Found a white marble altar of Elyvilon.
  7767 | D:9      | Reached skill level 13 in Polearms
  7924 | D:9      | Found a blossoming altar of Fedhas.
  8585 | D:10     | Entered Level 10 of the Dungeon
  8603 | D:10     | You fall into a shaft and drop 1 floor!
  8680 | D:10     | Noticed a cyclops
  8698 | D:10     | Killed a cyclops
  8725 | D:10     | Noticed a two-headed ogre
  8748 | D:10     | Killed a two-headed ogre
  8785 | D:10     | Reached skill level 5 in Invocations
  8809 | D:10     | Noticed Grum
  8827 | D:10     | HP: 1/63 [Grum/+0 spear (11)]
  9061 | D:10     | Killed Grum
  9116 | D:10     | Noticed a two-headed ogre
  9125 | D:10     | Killed a two-headed ogre
  9345 | D:10     | Reached skill level 5 in Armour
  9356 | D:10     | Reached XP level 12. HP: 68/68 MP: 17/17
  9558 | D:10     | Found a shadowy altar of Dithmenos.
  9586 | D:10     | Found a staircase to the Lair.
  9727 | Lair:1   | Entered Level 1 of the Lair of Beasts
  9850 | Lair:1   | Reached skill level 10 in Fighting
 10039 | Lair:1   | Reached skill level 1 in Evocations
 10040 | Lair:1   | Noticed Amaemon
 10047 | Lair:1   | Killed Amaemon
 10262 | Lair:1   | Reached skill level 5 in Evocations
 11207 | Lair:2   | Noticed a seven-headed hydra
 11213 | Lair:2   | a seven-headed hydra changed into a tyrant leech
 11479 | Lair:2   | Reached XP level 13. HP: 75/75 MP: 18/18
 11481 | Lair:2   | Found a staircase to the Snake Pit.
 12016 | Lair:3   | Found a frozen archway.
 12148 | Lair:3   | Found a dark tunnel.
 12153 | Volcano  | Entered a volcano
 12837 | Volcano  | Noticed a red draconian
 12843 | Volcano  | Killed a red draconian
 13004 | Volcano  | Noticed an orb of fire
 13043 | Volcano  | Noticed an orb of fire
 13253 | Lair:3   | Found a runed translucent gate.
 13253 | Lair:3   | Found a runed translucent gate.
 13253 | Lair:3   | Found a runed translucent gate.
 13299 | Lair:3   | Reached ***** piety under Hepliaklqana
 13578 | Lair:3   | Reached skill level 15 in Fighting
 13817 | Lair:3   | Noticed Valamore's ghost (journeyman MiFi)
 13971 | Lair:3   | Found a viscous altar of Jiyva.
 14248 | Lair:4   | Reached skill level 14 in Polearms
 14256 | Lair:4   | Noticed Kirke
 14271 | Lair:4   | Killed Kirke
 14272 | Lair:4   | Gained mutation: Your large and strong wings let you fly.
                  | [Gargoyle growth]
 14272 | Lair:4   | Reached XP level 14. HP: 88/88 MP: 19/19
 14895 | Lair:5   | Entered Level 5 of the Lair of Beasts
 14906 | Lair:5   | Reached skill level 15 in Polearms
 15458 | Lair:5   | Reached skill level 16 in Polearms
 16114 | Lair:5   | Found a staircase to the Slime Pits.
 16586 | D:11     | Reached skill level 17 in Polearms
 16586 | D:11     | Noticed Nergalle
 16596 | D:11     | Killed Nergalle
 16675 | D:11     | Found a runed translucent gate.
 16675 | D:11     | Found a runed translucent gate.
 16675 | D:11     | Found a runed translucent gate.
 16675 | D:11     | Noticed baller8008's ghost (journeyman MiFi)
 16683 | D:11     | Found a basalt altar of Yredelemnul.
 16738 | D:11     | Noticed Erolcha
 16742 | D:11     | Killed Erolcha
 16758 | D:11     | Reached XP level 15. HP: 92/92 MP: 20/20
 16819 | D:11     | Noticed Sonja
 16828 | D:11     | Killed Sonja
 16978 | D:11     | Found a staircase to the Orcish Mines.
 17318 | D:12     | Noticed Azrael
 17327 | D:12     | Killed Azrael
 17331 | D:12     | Reached skill level 18 in Polearms
 17393 | D:12     | Identified the +0 scale mail "Turghoc" {rElec Will+ Str-4
                  | Dex+4}
 17834 | D:13     | Noticed Lodul
 17841 | D:13     | Killed Lodul
 17925 | D:13     | Noticed Josephine
 17931 | D:13     | Killed Josephine
 17996 | D:13     | Found a gate to the Vaults.
 18393 | Orc:1    | Entered Level 1 of the Orcish Mines
 18402 | Orc:1    | Noticed Maurice
 18412 | Orc:1    | Killed Maurice
 18473 | Orc:1    | Noticed Fannar
 18479 | Orc:1    | Killed Fannar
 18648 | Orc:2    | Entered Level 2 of the Orcish Mines
 18648 | Orc:2    | Found a staircase to the Elven Halls.
 18651 | Orc:2    | Reached skill level 10 in Invocations
 18667 | Orc:2    | Noticed an orc warlord
 18677 | Orc:2    | Killed an orc warlord
 18894 | Orc:2    | Reached XP level 16. HP: 48/97 MP: 23/23
 18951 | Orc:2    | Found Kuqavu's Magic Scroll Shoppe.
 18958 | Orc:2    | Reached skill level 10 in Armour
 19024 | Orc:2    | Found Lusme's Antique Armour Shoppe.
 19030 | Orc:2    | Found Poefudgh's Antique Weapon Shoppe.
 19040 | Orc:2    | Bought an encrusted crystal plate armour for 2295 gold
                  | pieces
 19040 | Orc:2    | Identified the +1 crystal plate armour "Zuagg" {rPois} (You
                  | bought it in a shop on level 2 of the Orcish Mines)
 19088 | Orc:2    | Reached skill level 5 in Dodging
 19198 | Orc:2    | Found Reusepiv's Armour Boutique.
 19497 | Orc:2    | Acquired 742 gold pieces
 19557 | Orc:2    | Bought a pair of pitted boots for 256 gold pieces
 19557 | Orc:2    | Identified the +1 pair of boots of Iqaev {Dex+2} (You
                  | bought it in a shop on level 2 of the Orcish Mines)
 19753 | Snake:1  | Entered Level 1 of the Snake Pit
 19998 | Snake:1  | Identified the ring of the Heavens {Fly rC+ Int+2 Slay+5
                  | Stlth+}
 20091 | Snake:1  | Noticed Frances
 20096 | Snake:1  | Killed Frances
 20376 | Snake:1  | Noticed Nikola
 20396 | Snake:1  | Killed Nikola
 20439 | Snake:1  | Found a shimmering blue altar of Sif Muna.
 20789 | Snake:2  | Noticed Agnes
 20796 | Snake:2  | Killed Agnes
 20852 | Snake:2  | Found Kaejairoeb's Jewellery Shop.
 20852 | Snake:2  | Found Xivvireck's Book Shoppe.
 20853 | Snake:2  | Found Repac's Book Shoppe.
 21470 | Snake:3  | Found Qiugut's Weapon Emporium.
 21472 | Snake:3  | Found Peocaibo's Antique Weapon Shoppe.
 21475 | Snake:3  | Found Alax's Jewellery Emporium.
 21607 | Snake:3  | Reached skill level 19 in Polearms
 21619 | Snake:3  | Reached XP level 17. HP: 103/103 MP: 24/24
 21738 | Snake:3  | Identified the amulet "Loleeval" {rC++ Regen+ Str-5 SInv}
 21923 | Snake:3  | Got the Compilation of Galvanic Space
 22090 | Snake:3  | Found Camyemu's Jewellery Emporium.
 22387 | Snake:4  | Entered Level 4 of the Snake Pit
 22387 | Snake:4  | Reached ****** piety under Hepliaklqana
 22449 | Snake:4  | Noticed Louise
 22456 | Snake:4  | Killed Louise
 22726 | Snake:4  | Noticed Vashnia
 22780 | Snake:4  | Killed Vashnia
 22890 | Snake:4  | Noticed Donald
 22893 | Snake:4  | Noticed Mlioglotl
 23009 | Snake:3  | Killed Mlioglotl
 23045 | Snake:4  | Killed Donald
 23209 | Snake:4  | Got a serpentine rune of Zot
 23468 | Snake:4  | Reached XP level 18. HP: 107/114 MP: 25/25
 23931 | Shoals:1 | Entered Level 1 of the Shoals
 24348 | Shoals:1 | Reached skill level 10 in Evocations
 24968 | Lair:3   | Killed Valamore's ghost
 25086 | Shoals:2 | Noticed Aizul
 25098 | Shoals:2 | Killed Aizul
 26191 | Shoals:3 | Found Urofous's Assorted Antiques.
 26222 | Shoals:3 | Bought a pair of glimmering gloves for 294 gold pieces
 26222 | Shoals:3 | Identified the +1 pair of gloves of the Zealous God {rN+
                  | Str+2} (You bought it in a shop on level 3 of the Shoals)
 26247 | Shoals:3 | Identified the +0 ring mail of the Maze {Rampage Str+7
                  | Slay-4 SInv}
 26444 | Shoals:3 | Noticed a titan
 26449 | Shoals:3 | Killed a titan
 26532 | Shoals:3 | Identified the ring "Udolar" {rPois rC- rN+ EV+5 Dex+3}
 26659 | Shoals:4 | Entered Level 4 of the Shoals
 26836 | Shoals:4 | Reached XP level 19. HP: 86/118 MP: 26/26
 26916 | Shoals:4 | Identified Roxanne's Teachings on Variation
 26916 | Shoals:4 | Noticed Roxanne
 27033 | Shoals:4 | Identified the +11 rapier of Moderation {vamp, rF+ rN++
                  | MP+9 Stlth-}
 27377 | Shoals:4 | Killed Roxanne
 27640 | Shoals:4 | Got a barnacled rune of Zot
 28201 | D:14     | Reached skill level 15 in Evocations
 28374 | D:14     | Found a broken altar of Ashenzari.
 28770 | Elf:1    | Entered Level 1 of the Elven Halls
 29468 | Elf:1    | Got the Handbook of Familiar Damage
 29623 | Orc:2    | Bought a scroll of fog for 40 gold pieces
 29623 | Orc:2    | Bought a scroll of fog for 40 gold pieces
 29623 | Orc:2    | Bought a scroll of fear for 40 gold pieces
 29623 | Orc:2    | Bought a scroll of magic mapping for 75 gold pieces
 29744 | Elf:2    | Noticed an Ice Fiend
 29832 | Elf:2    | Found a runed translucent gate.
 29833 | Elf:2    | Found a runed translucent gate.
 29833 | Elf:2    | Found a runed translucent gate.
 30305 | Elf:2    | Reached XP level 20. HP: 102/126 MP: 27/27
 30352 | Elf:2    | Reached skill level 20 in Polearms
 30934 | Shoals:3 | Bought a scroll of enchant weapon for 232 gold pieces
 31099 | Vaults:1 | Entered Level 1 of the Vaults
 31491 | Vaults:1 | Found a magical portal.
 31528 | WizLab   | Entered Tukima's Studio
 31547 | WizLab   | Reached skill level 21 in Polearms
 31631 | WizLab   | Identified the +6 hand crossbow "Luaryb" {speed, rElec
                  | rPois Dex+2 Stlth+}
 31644 | WizLab   | Noticed Monkooky's illusion
 31650 | WizLab   | Noticed Monkooky's illusion
 31661 | WizLab   | HP: 6/126 [living spell/iceblast[a walking frostbound tome]
                  | (19)]
 31768 | WizLab   | Noticed Monkooky's illusion
 31837 | WizLab   | Identified the +1 cloak of Oily Happiness {-Tele rCorr
                  | Str+2 Stlth+}
 32286 | Vaults:1 | You are sucked into a shaft and drop 1 floor!
 32304 | Vaults:2 | Found Fumus's Book Boutique.
 33206 | D:15     | Entered Level 15 of the Dungeon
 33427 | D:15     | Found a staircase to the Depths.
 33518 | D:15     | Reached XP level 21. HP: 130/130 MP: 28/28
 33528 | D:15     | Reached skill level 5 in Throwing
 34107 | Slime:1  | Entered Level 1 of the Pits of Slime
 34107 | Slime:1  | You are sucked into a shaft and drop 1 floor!
 34170 | Slime:1  | Reached skill level 22 in Polearms
 34221 | Slime:3  | Gained mutation: You have hidden genetic defects. [a
                  | shining eye]
 34282 | Slime:5  | Entered Level 5 of the Pits of Slime
 34302 | Slime:5  | Gained mutation: Your spells are a little easier to cast,
                  | but a little less powerful. [a shining eye]
 34305 | Slime:5  | Gained mutation: You sometimes lose your temper in combat.
                  | [a shining eye]
 34374 | Slime:5  | Gained mutation: You are dopey. (Int -2) [a shining eye]
 34778 | Slime:5  | Found a viscous altar of Jiyva.
 34778 | Slime:5  | Noticed the Royal Jelly
 34891 | Slime:4  | HP: 2/130 [rockslime[the Royal Jelly] (29)]
 35177 | Slime:5  | Gained mutation: Your spells are easier to cast, but less
                  | powerful. [hidden defects]
 35275 | Slime:5  | Killed the Royal Jelly
 35302 | Slime:5  | Got the Guidebook on the Body
 35306 | Slime:5  | Identified the +5 war axe of Meinerchi {speed, rF+ Will+
                  | Dex+3 Stlth+}
 35307 | Slime:5  | Gained mutation: You have an uncontrollable temper. [a
                  | shining eye]
 35309 | Slime:5  | Reached skill level 23 in Polearms
 35356 | Slime:5  | Identified the +1 lajatang "Onnag" {flame, rC+}
 35365 | Slime:5  | Got the Papyrus of the Gargoyle and Evolution
 35382 | Slime:5  | Got a slimy rune of Zot
 35406 | Slime:5  | Identified the +8 executioner's axe of Dissatisfaction
                  | {freeze, rPois Dex+4}
 35414 | Slime:5  | Acquired the amulet "Poibegrango" {Spirit Dex+4}
 35675 | Depths:1 | Entered Level 1 of the Depths
 35732 | D:15     | Lost mutation: Your spells are easier to cast, but less
                  | powerful. [potion of mutation]
 35732 | D:15     | Lost mutation: Your spells are a little easier to cast, but
                  | a little less powerful. [potion of mutation]
 35732 | D:15     | Lost mutation: You have an uncontrollable temper. [potion
                  | of mutation]
 35732 | D:15     | Gained mutation: Your flesh is cold resistant. (rC+)
                  | [potion of mutation]
 35732 | D:15     | Gained mutation: Your muscles are strong. (Str +4, Int/Dex
                  | -1) [potion of mutation]
 35733 | D:15     | Lost mutation: Your muscles are strong. (Str +4, Int/Dex
                  | -1) [potion of mutation]
 35733 | D:15     | Lost mutation: You have hidden genetic defects. [potion of
                  | mutation]
 35733 | D:15     | Gained mutation: Armour fits poorly on your strangely
                  | shaped body. [potion of mutation]
 35733 | D:15     | Gained mutation: You passively dampen the noise of your
                  | surroundings. [potion of mutation]
 35734 | D:15     | Lost mutation: You sometimes lose your temper in combat.
                  | [potion of mutation]
 35734 | D:15     | Lost mutation: You are dopey. (Int -2) [potion of mutation]
 35734 | D:15     | Lost mutation: Your flesh is cold resistant. (rC+) [potion
                  | of mutation]
 35734 | D:15     | Gained mutation: You are agile. (Dex +4, Str/Int -1)
                  | [potion of mutation]
 35735 | D:15     | Lost mutation: You passively dampen the noise of your
                  | surroundings. [potion of mutation]
 35735 | D:15     | Lost mutation: You are agile. (Dex +4, Str/Int -1) [potion
                  | of mutation]
 35735 | D:15     | Gained mutation: You occasionally shout uncontrollably at
                  | your foes. [potion of mutation]
 35735 | D:15     | Gained mutation: You have supernaturally acute eyesight.
                  | (SInv) [potion of mutation]
 35735 | D:15     | Gained mutation: You passively map a small area around you.
                  | [potion of mutation]
 36005 | Depths:1 | Found a runed translucent gate.
 36005 | Depths:1 | Found a runed translucent gate.
 36005 | Depths:1 | Found a runed translucent gate.
 36180 | Depths:1 | Found a gateway to Hell.
 36566 | Depths:1 | Found a hazy altar of Hepliaklqana.
 36647 | Depths:1 | Reached XP level 22. HP: 126/136 MP: 27/29
 36998 | Depths:1 | Found a runed translucent gate.
 36998 | Depths:1 | Found a runed translucent gate.
 37000 | Depths:1 | Lost mutation: Armour fits poorly on your strangely shaped
                  | body. [potion of mutation]
 37000 | Depths:1 | Lost mutation: You occasionally shout uncontrollably at
                  | your foes. [potion of mutation]
 37000 | Depths:1 | Gained mutation: Your magical capacity is low. (-10% MP)
                  | [potion of mutation]
 37000 | Depths:1 | Gained mutation: You are agile. (Dex +4, Str/Int -1)
                  | [potion of mutation]
 37000 | Depths:1 | Lost mutation: You are agile. (Dex +4, Str/Int -1) [potion
                  | of mutation]
 37000 | Depths:1 | Gained mutation: Your muscles are strong. (Str +4, Int/Dex
                  | -1) [potion of mutation]
 37004 | Depths:1 | Found a runed translucent gate.
 37012 | Depths:1 | Noticed yumyumyeen's ghost (journeyman MiGl)
 38291 | Depths:2 | Found a one-way gate leading to the halls of Pandemonium.
 38344 | Depths:2 | Noticed the Enchantress
 38352 | Depths:2 | Killed the Enchantress
 38392 | Depths:2 | Acquired the +2 helmet of the Albatross {Str+4 Int+3 Dex-5}
 38468 | Depths:2 | Identified the ring of Salvation {rPois rF+ rCorr MP+9
                  | Dex+3}
 38994 | Depths:3 | Learned a level 2 spell: Passwall
 39166 | Depths:3 | Found a broken altar of Ashenzari.
 39170 | Depths:3 | You are sucked into a shaft and drop 1 floor!
 39170 | Depths:4 | Entered Level 4 of the Depths
 39193 | Depths:3 | Noticed Saint Roka
 39195 | Depths:3 | Reached skill level 15 in Armour
 39204 | Depths:3 | Reached XP level 23. HP: 13/140 MP: 1/27
 39780 | Depths:3 | Noticed Margery
 39790 | Depths:3 | Killed Margery
 39918 | Depths:3 | Found a one-way gate to the infinite horrors of the Abyss.
 39973 | Depths:3 | Killed Saint Roka
 40065 | Depths:3 | Found an ancient bone altar of Kikubaaqudgha.
 40328 | Depths:4 | Reached skill level 1 in Earth Magic
 40399 | Depths:4 | Reached skill level 1 in Transmutations
 40518 | Depths:4 | Noticed a golden dragon
 40532 | Depths:4 | Killed a golden dragon
 40533 | Depths:4 | Reached skill level 5 in Earth Magic
 40824 | Orc:2    | Bought a scroll of enchant armour for 75 gold pieces
 40824 | Orc:2    | Bought a scroll of enchant armour for 75 gold pieces
 41055 | Depths:4 | Found a one-way gateway to a ziggurat.
 41116 | Depths:3 | Reached skill level 1 in Spellcasting
 41789 | Depths:4 | Noticed a golden dragon
 41866 | Depths:4 | Killed a golden dragon
 42129 | Depths:4 | Found a sacrificial altar of Ru.
 42245 | Depths:4 | Found a gate to the Realm of Zot.
 42266 | Zot:1    | Entered Level 1 of the Realm of Zot
 42888 | Zot:2    | Noticed a curse toe
 42900 | Zot:2    | Killed a curse toe
 42901 | Zot:2    | Reached XP level 24. HP: 91/146 MP: 20/27
 43546 | Zot:4    | Noticed a Killer Klown
 43670 | Zot:4    | a Killer Klown changed into a rockslime
 44033 | Zot:4    | Paralysed by a Zot trap for 4 turns
 44141 | Zot:5    | Entered Level 5 of the Realm of Zot
 44806 | Zot:5    | Noticed an orb of fire
 44806 | Zot:5    | Noticed an orb of fire
 44811 | Zot:5    | Noticed a Killer Klown
 44816 | Zot:5    | Killed an orb of fire
 44821 | Zot:5    | Killed a Killer Klown
 44823 | Zot:5    | Noticed a dread lich
 44833 | Zot:5    | Killed an orb of fire
 44843 | Zot:5    | Killed a dread lich
 44844 | Zot:5    | Reached skill level 10 in Dodging
 44879 | Zot:5    | Noticed a Killer Klown
 44890 | Zot:5    | Killed a Killer Klown
 45250 | Zot:5    | Noticed a Killer Klown
 45253 | Zot:5    | Killed a Killer Klown
 45254 | Zot:5    | Noticed an ancient lich
 45262 | Zot:5    | Killed an ancient lich
 45262 | Zot:5    | Noticed an ancient lich
 45263 | Zot:5    | Reached XP level 25. HP: 99/154 MP: 18/27
 45265 | Zot:5    | Noticed an orb of fire
 45269 | Zot:5    | Killed an ancient lich
 45274 | Zot:5    | Noticed a dread lich
 45275 | Zot:5    | Killed an orb of fire
 45280 | Zot:5    | Killed a dread lich
 45281 | Zot:5    | Noticed an ancient lich
 45289 | Zot:5    | Killed an ancient lich
 45304 | Zot:5    | Noticed an ancient lich
 45313 | Zot:5    | Killed an ancient lich
 45453 | Zot:5    | Got the Orb of Zot
 45512 | Zot:5    | Noticed Mipnysah the pandemonium lord
 45700 | Depths:4 | Noticed Vufokybu the pandemonium lord
 46048 | D:$      | Escaped with the Orb!

Illustrated notes

Levels and vault maps discovered:
D:1:      dpeg_arrival_three_smaller_balls, layout_basic, minmay_3d_cube
D:2:      layout_basic, nicolae_ecumenical_snake_handling, basic_altar,
          serial_forest, infiniplex_forest_zigzag_2,
          infiniplex_forest_lined_room_3, infiniplex_forest_lined_room_2,
          infiniplex_forest_end_3, infiniplex_forest_zigzag_1,
          infiniplex_forest_clump_long, infiniplex_forest_clump_small
D:3:      layout_basic, uniq_robin, uniq_natasha
D:4:      layout_layer_cave, tso_altar, grunt_temple_overflow_cloverleaf,
          minmay_temple_entry_mist, minmay_misc_feat_columns,
          minmay_starry_boxes
D:5:      layout_basic, nemelex_diamond_rough_becter
D:6:      layout_layer_cave, lightli_sewer_entry_pipes, minmay_ruined_shrine,
          uniq_sigmund
D:7:      minmay_flawed_box, layout_basic,
          nzn_overflow_gifts_of_might_and_magic, lemuel_tele_altar,
          vehumet_crystals, uniq_menkaure
D:8:      layout_rooms, amcnicky_mini_corridor_feature, uniq_psyche, uniq_erica,
          uniq_gastronok
D:9:      layout_basic, fedhas_altar_3, mainiacjoe_overflow_catwalk
D:10:     layout_basic, grunt_dithmenos_smoke_and_mirrors, erik_lair_island,
          minmay_chambers_of_fives, uniq_grum
D:11:     layout_rooms, kennysheep_orc_monster_closet_entryway,
          nicolae_yredelemnul_ghost_church, uniq_nergalle, uniq_sonja,
          uniq_erolcha
D:12:     layout_stronghold, uniq_azrael
D:13:     layout_rooms, erik_vaults_2, uniq_lodul, uniq_josephine
D:14:     dreamdust_experimentation, layout_basic, old_standard_altar
D:15:     hangedman_depths_entry_civil_slaughter, layout_loops_ring,
          chequers_jeans, minmay_joined_circles
Lair:1:   statuecave_lemuel, layout_small_grid, serial_bayou_shore_a,
          lemuel_fruit_fields, uniq_amaemon
Lair:2:   layout_loops_ring, nicolae_shoals_entry_flooding,
          minmay_snake_entry_guardpost_medium
Lair:3:   layout_small_grid, portal_ice_cave_entry_animals_and_master,
          enter_volcano_4, gammafunk_ghost_ooze, chequers_serial_rivers_large_b
Lair:4:   layout_roguey, uniq_kirke
Lair:5:   minmay_lair_end_enchanted_forest, layout_loops_ring,
          minmay_slime_entry_pillars, grunt_megastairs_5
Shoals:1: layout_shoals
Shoals:2: layout_shoals, uniq_aizul
Shoals:3: layout_shoals, serial_shops, nicolae_shop_trees, st_sunken_temple
Shoals:4: shoals_end_simple, layout_shoals, uniq_roxanne
Snake:1:  layout_grid_maze, basic_altar, hangedman_snake_pattern, uniq_frances,
          uniq_nikola
Snake:2:  layout_rooms, minmay_shop_grove, grunt_megastairs_1, uniq_agnes
Snake:3:  minmay_snake_river, layout_onion_interference, serial_shops,
          nicolae_take_the_stairs, nicolae_snake_serpentine_hallways,
          minmay_shop_star
Snake:4:  johnstein_snake_rune_scales, layout_onion_interference,
          nicolae_snake_snakewalk, uniq_louise, uniq_vashnia, uniq_donald,
          uniq_mlioglotl
Slime:1:  layout_caves
Slime:2:  layout_caves
Slime:3:  layout_caves
Slime:4:  layout_caves
Slime:5
Orc:1:    layout_caves, uniq_fannar, uniq_maurice
Orc:2:    hellmonk_orc_salted, layout_caves
Elf:1:    minmay_elf_arrival_plus, layout_loops_ring, minmay_elf_sorcery,
          nicolae_elf_glass_and_crystal_pillar_1
Elf:2:    nicolae_elf_blades_crystal_corner, layout_gridlike,
          minmay_misc_feat_pillars
Vaults:1: infiniplex_enter_wizlab_water, v_misc_28, st_diamondy, v_misc_15,
          ontoclasm_vaults_decontamination, v_misc_27, ontoclasm_vaults_spin,
          hangedman_vaults_stretched_pinwheel, nicolae_vaults_theta,
          layout_vaults_chaotic_city
Vaults:2: dpeg_vaults_monster_row, grunt_vaults_bifocal, nicolae_vaults_big_ls,
          v_misc_8, nicolae_vaults_display_case, grunt_vaults_swirl,
          ontoclasm_vaults_fault, nicolae_vaults_specimen_jars,
          hangedman_vaults_trim, ontoclasm_vaults_pinch, v_alt_pattern_6,
          vaults_dpeg_diagonal, layout_vaults_maze_snakey, serial_shops, shop
Depths:1: layout_gridlike, ploomutoo_gammafunk_ghost_potion_laboratory,
          hell_entry, nicolae_hepliaklqana_hazy_memory, drop_trap,
          dreamdust_looks_like_rain, grunt_megastairs_2
Depths:2: grunt_forest_end_chambers, layout_basic, hangedman_tar_grid_catacomb,
          pan_entry, st_stairs_4, statue_in_the_mist_lemuel
Depths:3: minmay_inner_zag, layout_long_grid, evilmike_ruin_ashenzari,
          abyss_entry, hell_entry, kiku_gazebo_pond_becter, uniq_saint_roka,
          uniq_margery
Depths:4: grunt_zot_entry_gee_three, layout_gridlike, enter_ziggurat_f,
          hex_intersection, hell_entry, nicolae_ru_path_of_blood, uniq_grunn
Zot:1:    layout_concentric_octagons
Zot:2:    lemuel_draconian_sentries, layout_misc_corridors, grunt_megastairs_3
Zot:3:    layout_basic
Zot:4:    layout_basic, gammafunk_ghost_split
Zot:5:    layout_basic, lemuel_golem_globe

Skill      XL: |  1  2  3  4  5  6  7  8  9 10 11 12 13 14 15 16 17 18 19 20 21 22 23 24 25 |
---------------+----------------------------------------------------------------------------+-----
Fighting       | 3 4 5 6 7 9 11 15 16 18 19 20 21 22 | 22.6
Armour         | 1 3 5 6 9 10 15 16 18 19 | 19.4
Polearms       | 1 6 9 12 13 14 17 18 19 21 23 | 23.9
Invocations    | 2 7 10 | 10.0
Evocations     | 7 12 16 | 16.0
Dodging        | 3 5 7 8 10 | 10.7
Throwing       | 4 6 |  6.0
Earth Magic    | 9 |  9.0
Transmutations | 4 |  4.2
Spellcasting   | 3 |  3.6
Staves         | |  3.0

Action                     |  1- 3 |  4- 6 |  7- 9 | 10-12 | 13-15 | 16-18 | 19-21 | 22-24 | 25-27 || total
---------------------------+-------+-------+-------+-------+-------+-------+-------+-------+-------++-------
  Melee: Quarterstaff      |   116 |    91 |       |       |       |       |       |       |       ||   207
         Long sword        |       |    46 |   108 |       |       |       |       |       |       ||   154
         Punch             |       |       |     2 |       |       |       |       |       |       ||     2
         Halberd           |       |       |   113 |   564 |   121 |       |       |       |       ||   798
         Glaive            |       |       |       |       |   607 |   729 |   311 |       |       ||  1647
         Lajatang          |       |       |       |       |     7 |       |       |       |       ||     7
         Bardiche          |       |       |       |       |       |       |   584 |   728 |    93 ||  1405
  Throw: Throwing net      |       |       |     2 |       |       |       |     2 |       |       ||     4
 Invoke: Ancestor Life: Kn |       |       |     1 |       |       |       |       |       |       ||     1
         Recall Ancestor   |       |       |       |     2 |     1 |     2 |     7 |    11 |     6 ||    29
         Idealise          |       |       |       |     2 |     3 |     4 |     7 |     9 |     2 ||    27
         Transference      |       |       |       |       |     2 |     3 |     1 |     1 |     1 ||     8
  Evoke: Wand              |       |    12 |       |    19 |     9 |     2 |     7 |    17 |     1 ||    67
         Box of beasts     |       |       |       |       |       |       |     3 |     1 |       ||     4
         Phantom mirror    |       |       |       |       |       |       |     1 |       |       ||     1
         Condenser vane    |       |       |       |       |       |       |       |     3 |       ||     3
         Phial of floods   |       |       |       |       |       |       |       |     1 |       ||     1
    Use: Potion            |       |     1 |       |     1 |     1 |     3 |    10 |     8 |     7 ||    31
         Scroll            |       |       |     6 |    10 |     9 |    13 |    17 |    18 |     1 ||    74
   Stab: Sleeping          |     1 |     1 |       |       |       |       |       |       |       ||     2
         Held in net/web   |       |       |     1 |       |       |       |       |       |       ||     1
         Distracted        |       |       |     2 |     8 |    11 |     9 |    16 |    29 |     2 ||    77
 Armour: Leather armour    |    55 |    37 |       |       |       |       |       |       |       ||    92
         Scale mail        |       |    26 |   126 |       |       |       |       |       |       ||   152
         Ring mail         |       |       |     1 |   230 |    38 |       |       |       |       ||   269
         Chain mail        |       |       |       |       |   436 |    27 |    85 |   138 |       ||   686
         Crystal plate arm |       |       |       |       |       |   472 |   413 |       |       ||   885
         Gold dragon scale |       |       |       |       |       |       |       |   142 |    15 ||   157
  Dodge: Dodged            |    70 |   109 |   123 |   204 |   329 |   178 |   203 |   144 |     4 ||  1364

Table legend: (Time is in decaauts)
 A = Elapsed time spent in this place.
 B = Non-inter-level travel time spent in this place.
 C = Inter-level travel time spent in this place.
 D = Time resting spent in this place.
 E = Time spent auto-exploring this place.
 F = Levels seen in this place.
 G = Mean time per level.
                   A        B        C        D        E       F      G
               +--------+--------+--------+--------+--------+-----+--------+
         Total |  46014 |  41704 |   4310 |   4563 |  26051 |  51 |  902.2 |
       Dungeon |  14116 |  12477 |   1639 |    583 |   9179 |  15 |  941.1 |
          Lair |   6595 |   5742 |    853 |    206 |   4153 |   5 | 1319.0 |
        Shoals |   4040 |   3648 |    392 |    173 |   2596 |   4 | 1010.0 |
     Snake Pit |   4290 |   3980 |    310 |    256 |   2724 |   4 | 1072.5 |
    Slime Pits |   1081 |    964 |    117 |    384 |     18 |   5 |  216.2 |
  Orcish Mines |   1497 |   1074 |    423 |     38 |    748 |   2 |  748.5 |
   Elven Halls |   1853 |   1742 |    111 |    108 |   1233 |   2 |  926.5 |
        Vaults |   1487 |   1370 |    117 |     54 |   1015 |   2 |  743.5 |
        Depths |   6163 |   5817 |    346 |    997 |   3589 |   4 | 1540.8 |
           Zot |   3211 |   3211 |      0 |   1110 |    688 |   5 |  642.2 |
         Sewer |    274 |    274 |      0 |      0 |     15 |   1 |  274.0 |
       Volcano |   1011 |   1011 |      0 |    562 |     10 |   1 | 1011.0 |
        Wizlab |    392 |    392 |      0 |     90 |     82 |   1 |  392.0 |
               +--------+--------+--------+--------+--------+-----+--------+

Top non-repeatable levels by time:
  Lair:5: 1758 daAuts
Depths:3: 1732 daAuts
Depths:1: 1609 daAuts
  Lair:1: 1563 daAuts
Depths:2: 1543 daAuts
Vaults:1: 1365 daAuts
     D:4: 1350 daAuts
    D:10: 1349 daAuts
 Snake:3: 1335 daAuts
  Lair:3: 1308 daAuts
   Zot:5: 1296 daAuts
Depths:4: 1278 daAuts
 Snake:4: 1270 daAuts
   Orc:2: 1266 daAuts
     D:6: 1159 daAuts
